 Dungeon Crawl Stone Soup version 0.27-a0-1228-gfd60fd639a (webtiles) character file.

Game seed: 9763752840756074243

507 siradein the Chopper (level 7, -1/35 HPs)
             Began as a Vine Stalker Fighter on June 7, 2021.
             Asphyxiated
             ... on level 4 of the Dungeon.
             The game lasted 00:09:48 (3852 turns).

siradein the Chopper (Vine Stalker Fighter)         Turns: 3852, Time: 00:09:49

Health: -1/35      AC:  7    Str: 20    XL:     7   Next: 18%
Magic:  0/8        EV:  5    Int:  8    God:
Gold:   189        SH:  9    Dex: 14    Spells: 6/6 levels left

rFire    + . .     SeeInvis .   s - +1 hand axe (vorpal)
rCold    + . .     Faith    .   c - +0 kite shield
rNeg     + . .     Spirit   +   p - +0 chain mail
rPois    +         Reflect  .   n - -2 hat of the Alchemist {rElec rPois rF+ rC+ rN+ Will+ rMut rCorr}
rElec    +         Harm     .   (no cloak)
rCorr    +         Rampage  .   (no gloves)
rMut     +                      r - +0 pair of boots
Will     +....                  (no amulet)
Stlth    ..........             (no ring)
HPRegen  1.11/turn              (no ring)
MPRegen  0.11/turn

@: lethally poisoned (-1 -> -8), slowed, very slow
A: fangs 2, regeneration 1, magic shield, antimagic bite, no potion heal 2
a: no special abilities


You were on level 4 of the Dungeon.
You visited 1 branch of the dungeon, and saw 4 of its levels.

You collected 189 gold pieces.

Inventory:

Hand Weapons
 e - a +1 hand axe of flaming
 s - a +1 vorpal hand axe (weapon)
Armour
 c - a +0 kite shield (worn)
 n - the -2 hat of the Alchemist (worn) {rElec rPois rF+ rC+ rN+ Will+ rMut rCorr}
   (You found it on level 3 of the Dungeon)

   It protects you from fire.
   It protects you from cold.
   It insulates you from electricity.
   It protects you from poison.
   It protects you from negative energy.
   It protects you from acid and corrosion.
   It protects you from mutation.
   It increases your willpower.
 p - a +0 chain mail (worn)
 r - a +0 pair of boots (worn)
Jewellery
 b - a ring of resist corrosion
Wands
 q - a wand of iceblast (9)
Scrolls
 a - a scroll of blinking {unknown}
 g - 2 scrolls of identify {unknown}
 h - a scroll of teleportation {unknown}
 j - a scroll of enchant armour {unknown}
 k - a scroll of fear {unknown}
 m - a scroll of amnesia {unknown}
 o - a scroll of fog {unknown}
Potions
 d - a potion of might
 f - 2 potions of curing {unknown}
 i - 3 potions of heal wounds {unknown}
 l - a potion of lignification {unknown}


   Skills:
 - Level 2.6 Fighting
 + Level 7.0 Axes
 - Level 2.4 Armour
 - Level 2.6 Shields


You had 6 spell levels left.
You didn't know any spells.
Your spell library contained the following spells:

 Spells                   Type           Power      Damage    Failure   Level
 Magic Dart               Conj           0%         1d3       100%        1
 Blink                    Tloc           N/A        N/A       100%        2
 Call Imp                 Summ           0%         N/A       100%        2
 Slow                     Hex            0%         N/A       100%        2
 Conjure Flame            Conj/Fire      0%         6-21      100%        3
 Mephitic Cloud           Conj/Pois/Air  0%         N/A       100%        3


Dungeon Overview and Level Annotations

Branches:
Dungeon (4/15)
 Temple: D:4-7

Altars:
The Shining One


Innate Abilities, Weirdness & Mutations

You have extremely sharp teeth.
Your natural rate of healing is unusually fast.
When hurt, damage is shared between your health and your magic reserves.
Your bite disrupts and absorbs the magic of your enemies.
Potions cannot restore your health.


Message History

The kobold brigand hits you with a +0 whip.
Your chain mail prevents you from hitting the kobold brigand.
You bite the kobold brigand. You drain its power.
You feel invigorated.
The kobold brigand is severely wounded.
The kobold brigand hits you with a +0 whip.
Your shield prevents you from hitting the kobold brigand.
The kobold brigand is severely wounded.
The kobold brigand hits you with a +0 whip.
You slash the kobold brigand!
The kobold brigand is almost dead.
The kobold brigand hits you with a +0 whip.
The kobold brigand hits you with a +0 whip!
You are too injured to fight recklessly!
You are too injured to fight recklessly!
You are too injured to fight recklessly!
You are too injured to fight recklessly!
You are too injured to fight recklessly!
You closely miss the kobold brigand.
The kobold brigand is almost dead.
The kobold brigand barely misses you.
The kobold brigand throws a curare-tipped dart.
The curare-tipped dart hits you.
You are poisoned.
You have difficulty breathing.
You feel yourself slow down.
You are too injured to fight recklessly!
You are too injured to fight recklessly!
You are too injured to fight recklessly!
You are too injured to fight recklessly!
You are too injured to fight recklessly!
You feel extremely sick.
You feel very sick.
You feel very sick.
The kobold brigand hits you with a +0 whip.
* * * LOW HITPOINT WARNING * * *
You feel sick.
The kobold brigand throws a curare-tipped dart.
The curare-tipped dart hits you.
You are lethally poisoned!
You have difficulty breathing.
You die...

#.#.# ..# #...# ...
.. #..## ..
....###..# ##.#
.###......## #..
....#.#...## #.#
..###..#.#.#.K###.#
#......#.#.##...#.##
#.##.......####@...#
#.####....## ###....#
#.# #..#..# #.##.#
#.####..#..# #.# ...
#....>.....### #.#
##.
#......<.....###..##
#
##.#####.#.#..(......
...# ###.#.#......#.
.#####............#
.......


You could see a kobold brigand.

Vanquished Creatures
  Sigmund (D:2)
  An ogre (D:4)
  A scorpion (D:4)
  2 orc priests (D:4)
  A centaur skeleton (D:4)
  An iguana (D:4)
  2 adders (D:2)
  3 dart slugs
  6 orcs
  7 bats
  9 endoplasms
  4 giant cockroaches
  10 hobgoblins
  4 jackals (D:2)
  9 kobolds
  4 quokkas
  2 ball pythons
  7 frilled lizards
  6 goblins
  3 rats
83 creatures vanquished.

Notes
Turn   | Place    | Note
-------+----------+-------------------------------------------
     0 | D:1      | siradein the Vine Stalker Fighter began the quest for the
                  | Orb.
     0 | D:1      | Reached XP level 1. HP: 11/11 MP: 2/2
    71 | D:1      | Reached skill level 2 in Axes
   231 | D:1      | Reached XP level 2. HP: 13/16 MP: 3/3
  1014 | D:2      | Reached skill level 3 in Axes
  1020 | D:2      | Reached XP level 3. HP: 10/19 MP: 2/4
  1583 | D:2      | Gained mutation: Your natural rate of healing is unusually
                  | fast. [Vine Stalker growth]
  1583 | D:2      | Reached XP level 4. HP: 23/23 MP: 5/5
  1700 | D:2      | Noticed Sigmund
  1727 | D:2      | Killed Sigmund
  1728 | D:2      | Reached skill level 5 in Axes
  1728 | D:2      | Reached XP level 5. HP: 19/27 MP: 6/6
  2413 | D:3      | Found the -2 hat of the Alchemist {rElec rPois rF+ rC+ rN+
                  | Will+ rMut rCorr}
  2416 | D:3      | Reached XP level 6. HP: 32/32 MP: 7/7
  2960 | D:3      | Found a glowing golden altar of the Shining One.
  3317 | D:4      | Reached skill level 6 in Axes
  3798 | D:4      | Reached XP level 7. HP: 33/35 MP: 8/8
  3831 | D:4      | Reached skill level 7 in Axes
  3852 | D:4      | Asphyxiated

Illustrated notes

Levels and vault maps discovered:
D:1:      ncdulo_wetmaze, layout_loops_ring, minmay_misc_feat_rows,
          nrook_mini_backslash
D:2:      wad_river_or_something, layout_loops_ring, uniq_sigmund
D:3:      layout_basic, lemuel_coloured_pillars_altar, minmay_checkerbox
D:4:      layout_rooms, old_standard_altar, serial_shops, shop, uniq_ijyb

Skill      XL: |  1  2  3  4  5  6  7 |
---------------+----------------------+-----
Axes           | 2 3 5 6 7 |  7.0
Fighting       | |  2.6
Armour         | |  2.4
Shields        | |  2.6

Action                   |  1- 3 |  4- 6 |  7- 9 || total
-------------------------+-------+-------+-------++-------
Melee: War axe           |     9 |       |       ||     9
       Hand axe          |    69 |   139 |    17 ||   225
       Bite              |    18 |    37 |     5 ||    60
Armor: Scale mail        |    27 |    17 |       ||    44
       Chain mail        |       |    15 |     6 ||    21
Dodge: Dodged            |    21 |    26 |     5 ||    52
Block: Kite shield       |    43 |    67 |     4 ||   114

Table legend: (Time is in decaauts)
 A = Elapsed time spent in this place.
 B = Non-inter-level travel time spent in this place.
 C = Inter-level travel time spent in this place.
 D = Time resting spent in this place.
 E = Time spent auto-exploring this place.
 F = Levels seen in this place.
 G = Mean time per level.
                   A        B        C        D        E       F      G
               +--------+--------+--------+--------+--------+-----+--------+
         Total |   3939 |   3848 |     91 |    100 |   2853 |   4 |  984.8 |
       Dungeon |   3939 |   3848 |     91 |    100 |   2853 |   4 |  984.8 |
               +--------+--------+--------+--------+--------+-----+--------+

Top non-repeatable levels by time:
     D:2: 1388 daAuts
     D:1: 1015 daAuts
     D:3: 998 daAuts
     D:4: 536 daAuts
